 Dungeon Crawl Stone Soup version 0.29.1-2-gbd0b4ee654 (webtiles) character file.

Game seed: 11170747165587223570

20 Arctor the Magician (level 2, -1/15 HPs)
             Began as a Deep Elf Hedge Wizard on Nov 5, 2022.
             Slain by an orc
             ... wielding a +0 short sword
              (5 damage)
             ... on level 2 of the Dungeon.
             The game lasted 00:01:04 (934 turns).

Arctor the Magician (Deep Elf Hedge Wizard)          Turns: 934, Time: 00:01:05

Health: -1/15      AC:  3    Str:  7    XL:     2   Next: 58%
Magic:  7/9        EV: 12    Int: 18    God:
Gold:   75         SH:  0    Dex: 14    Spells: 7/10 levels left

rFire   . . .      SeeInvis .   g - +3 dagger
rCold   . . .      Faith    .   (no shield)
rNeg    . . .      Spirit   .   b - +0 robe
rPois   .          Reflect  .   c - +0 hat
rElec   .          Harm     .   (no cloak)
rCorr   .          Rampage  .   (no gloves)
Will    .....                   l - +0 pair of boots
Stlth   ++........              (no amulet)
HPRegen 0.05/turn               (no ring)
MPRegen 0.11/turn               (no ring)

@: no status effects
A: no striking features
a: no special abilities


You were on level 2 of the Dungeon.
You visited 1 branch of the dungeon, and saw 2 of its levels.

You collected 75 gold pieces.

Inventory:

Hand Weapons
 a - a +0 dagger
 g - a +3 dagger (weapon)
Armour
 b - a +0 robe (worn)
 c - a +0 hat (worn)
 l - a +0 pair of boots (worn)
Magical Staves
 n - a staff of conjuration
Scrolls
 f - a scroll of poison {unknown}
 i - 2 scrolls of identify {unknown}
 k - a scroll of magic mapping {unknown}
 m - a scroll of enchant armour {unknown}
Potions
 d - a potion of magic
 e - a potion of cancellation {unknown}
 h - 2 potions of haste {unknown}
 j - a potion of attraction {unknown}


   Skills:
 + Level 2.7 Dodging
 + Level 2.7 Stealth
 + Level 4.6 Spellcasting
 + Level 1.5 Conjurations
 + Level 1.5 Summonings
 + Level 1.4 Translocations


You had 7 spell levels left.
You knew the following spells:

 Your Spells              Type           Power      Damage    Failure   Level
a - Magic Dart            Conj           36%        1d4       8%          1
b - Ensorcelled Hibernat  Hex/Ice        8%         N/A       22%         2

Your spell library contained the following spells:

 Spells                   Type           Power      Damage    Failure   Level
 Call Imp                 Summ           9%         N/A       11%         2
 Blink                    Tloc           18%        N/A       12%         2
 Slow                     Hex            16%        N/A       14%         1
 Passwall                 Tmut/Erth      3%         N/A       22%         2
 Conjure Flame            Conj/Fire      6%         6-21      30%         3
 Mephitic Cloud           Conj/Pois/Air  6%         N/A       32%         3
 Swiftness                Air            4%         N/A       38%         3


Dungeon Overview and Level Annotations

Branches:
Dungeon (2/15)

Altars:


Message History

The orc is severely wounded.
The orc shouts!
You hear a shout!
An orc comes into view. It is wielding a +0 short sword.
You see here a staff of conjuration.
n - a staff of conjuration
n - a staff of conjuration (weapon)
Unknown command.
g - a +3 dagger (weapon)
Your magical contamination has completely faded away.
You hit the orc.
The orc is severely wounded.
The orc barely misses you.
You hit the orc.
You kill the orc!
You hit the orc.
The orc is lightly wounded.
The orc hits you with a +0 whip.
You hit the orc but do no damage.
The orc is lightly wounded.
You hit the orc.
The orc is severely wounded.
The orc barely misses you.
You barely miss the orc.
The orc is severely wounded.
The orc misses you. The orc hits you but does no damage.
You hit the orc but do no damage.
The orc is severely wounded.
The orc hits you with a +0 hand axe. The orc closely misses you.
You hit the orc but do no damage.
The orc is severely wounded.
The orc completely misses you. The orc misses you.
You hit the orc.
You kill the orc!
Unknown command.
You hit the orc.
The orc is heavily wounded.
The orc hits you with a +0 hand axe.
* * * LOW HITPOINT WARNING * * *
The orc hits you with a +0 short sword.
You die...

.... #..# #
#..# ##.
#..#
#.#...#..#
o........#
...o..##.#
####.###o#
#.#.@o#
#.#.### #.
#.#.#
#..#####<#.#
#........#.#
#...##.###.#
#. #.###.##
#.##...#
##.#.#.#.##


You could see 2 orcs.

Vanquished Creatures
  2 orcs (D:2)
  A goblin (D:1)
  3 hobgoblins (D:1)
  2 kobolds (D:1)
  A quokka (D:1)
  A ball python (D:1)
  3 bats (D:1)
  3 rats (D:1)
16 creatures vanquished.

Notes
Turn   | Place    | Note
-------+----------+-------------------------------------------
     0 | D:1      | Arctor the Deep Elf Hedge Wizard began the quest for the
                  | Orb.
     0 | D:1      | Reached XP level 1. HP: 10/10 MP: 7/7
   288 | D:1      | Reached XP level 2. HP: 15/15 MP: 5/9
   565 | D:1      | Learned a level 2 spell: Ensorcelled Hibernation
   733 | D:1      | Found a faded altar of an unknown god.
   934 | D:2      | Slain by an orc

Illustrated notes

Levels and vault maps discovered:
D:1:      lightli_arrival_quake, layout_loops_ring,
          chequers_ecumenical_altar_simple
D:2:      layout_loops_ring

Action                   || total
-------------------------++-------
Melee: Dagger            ||    10
 Cast: Magic Dart        ||    40
Armor: Robe              ||     3
Dodge: Dodged            ||     7
